 Dungeon Crawl Stone Soup version 0.31.0-32-g396128a36d (webtiles) character file.

Game seed: 4489140288545060341

133 Logoto the Chopper (level 5, -5/46 HPs)
             Began as a Hill Orc Fighter on Mar 13, 2024.
             Slain by a gnoll
             ... wielding a +1 flail of protection
              (7 damage)
             ... on level 3 of the Dungeon.
             The game lasted 00:03:07 (1604 turns).

Logoto the Chopper (Hill Orc Fighter)               Turns: 1604, Time: 00:03:07

Health: -5/46      AC:  7    Str: 21    XL:     5   Next: 16%
Magic:  5/5        EV:  9    Int:  8    God:
Gold:   104        SH:  4    Dex: 10    Spells: 4/4 levels left

rFire   . . .        a - +0 war axe
rCold   . . .        c - +0 buckler
rNeg    . . .        b - +0 scale mail
rPois   .            (no helmet)
rElec   .            (no cloak)
rCorr   .            (no gloves)
SInv    .            (no boots)
Will    +....        (no amulet) Stlth
                     h - ring of willpower
HPRegen 0.27/turn    (no ring)
MPRegen 0.09/turn

%: no passive effects
@: mighty
A: no striking features
a: no special abilities


You were on level 3 of the Dungeon.
You visited 1 branch of the dungeon, and saw 3 of its levels.

You collected 104 gold pieces.

Inventory:

Hand Weapons
 a - a +0 war axe (weapon)
Missiles
 i - 3 poisoned darts (quivered)
Armour
 b - a +0 scale mail (worn)
 c - a +0 buckler (worn)
Jewellery
 h - a ring of willpower (left hand)
Wands
 o - a wand of iceblast (3)
Scrolls
 f - a scroll of enchant armour {unknown}
 k - a scroll of enchant weapon {unknown}
 l - a scroll of fog {unknown}
 m - a scroll of brand weapon {unknown}
 p - a scroll of immolation {unknown}
 q - a scroll of revelation {unknown}
 r - a scroll of fear {unknown}
 s - a scroll of identify {unknown}
Potions
 e - a potion of heal wounds {unknown}
 g - a potion of haste {unknown}
 j - a potion of invisibility {unknown}
 n - a potion of enlightenment {unknown}
 t - a potion of brilliance {unknown}


   Skills:
 + Level 4.2 Fighting
 + Level 4.9 Axes
 + Level 4.3 Armour
 + Level 0.3 Dodging
 + Level 3.8 Shields


You had 4 spell levels left.
You didn't know any spells.
Your spell library was empty.

Dungeon Overview and Level Annotations

Branches:
Dungeon (3/15)

Altars:

Annotations:
D:3 Sigmund


Message History

The gnoll is almost dead.
The gnoll hits you from afar with a +0 spear.
The gnoll hits you with a +0 club!
* * * LOW HITPOINT WARNING * * *
You slash the gnoll!
You kill the gnoll!
The gnoll hits you but does no damage.
The gnoll hits you from afar with a +0 spear.
* * * LOW HITPOINT WARNING * * *
You have reached level 5!
You feel stronger.
You feel very mighty all of a sudden. You block the gnoll's attack.
You block Sigmund's attack. You block the gnoll's attack.
You see here a +0 club.
You barely miss the gnoll. Sigmund barely misses you.
The gnoll hits you but does no damage.
You closely miss the gnoll. The gnoll hits you with a +0 spear.
* * * LOW HITPOINT WARNING * * *
Sigmund hits you from afar with a +0 scythe.
* * * LOW HITPOINT WARNING * * *
You barely miss the gnoll. You block the gnoll's attack.
Sigmund hits you from afar with a +0 scythe.
* * * LOW HITPOINT WARNING * * *
The gnoll hits you with a +0 spear.
* * * LOW HITPOINT WARNING * * *
You slash the gnoll!
You kill the gnoll!
You block the rat's attack. Sigmund hits you but does no damage.
You slash the rat!
You kill the rat!
You closely miss the gnoll.
Sigmund hits you from afar with a +0 scythe.
* * * LOW HITPOINT WARNING * * *
The gnoll closely misses you. The gnoll hits you but does no damage.
You slash the gnoll!
The gnoll is severely wounded.
Sigmund misses you.
The gnoll hits you with a +1 flail of protection!
You die...

#.###### #.#
###......## #.#
#.........# #.#
#.######..# #.#
#.# .# #.# #.#
#.# #.# #.#
#.##### #@#...
##g#.#
..###.@..####..#
...........r....#
...###....#..g..(
# ##.......)..
.^........##
...####.#..#
###.# .# .#


You could see Sigmund and a gnoll.

Vanquished Creatures
  A bombardier beetle (D:3)
  2 gnolls (D:3)
  An adder (D:3)
  2 dart slugs (D:1)
  5 orcs (D:3)
  5 ball pythons
  2 endoplasms
  6 giant cockroaches
  3 goblins (D:1)
  7 hobgoblins
  5 jackals
  2 quokkas
  3 bats
  5 frilled lizards
  6 kobolds
  5 rats
60 creatures vanquished.

Notes
Turn   | Place    | Note
-------+----------+-------------------------------------------
     0 | D:1      | Logoto the Hill Orc Fighter began the quest for the Orb.
     0 | D:1      | Reached XP level 1. HP: 19/19 MP: 1/1
    73 | D:1      | Reached XP level 2. HP: 27/27 MP: 2/2
   431 | D:1      | Reached XP level 3. HP: 30/33 MP: 3/3
  1292 | D:3      | Reached XP level 4. HP: 40/40 MP: 4/4
  1576 | D:3      | Noticed Sigmund
  1596 | D:3      | Reached XP level 5. HP: 11/46 MP: 5/5
  1603 | D:3      | HP: 2/46 [Sigmund/+0 scythe (2)]
  1604 | D:3      | Slain by a gnoll

Illustrated notes

Levels and vault maps discovered:
D:1:      mainiacjoe_arrival_oval_in_oval, layout_basic
D:2:      layout_rooms
D:3:      layout_loops_ring, nicolae_uskayaw_murder_on_the_dancefloor,
          uniq_sigmund

Skill      XL: |  1  2  3 |
---------------+----------+-----
Axes           | 3 4 |  4.9
Fighting       | 4 |  4.2
Armour         | 4 |  4.3
Dodging        | |  0.3
Shields        | |  3.8

Action                     |  1- 3 |  4- 6 || total
---------------------------+-------+-------++-------
  Melee: War axe           |   119 |    56 ||   175
    Use: Potion            |       |     1 ||     1
 Armour: Scale mail        |    88 |    59 ||   147
  Dodge: Dodged            |    55 |    20 ||    75
  Block: Buckler           |    29 |    11 ||    40
